 Dungeon Crawl Stone Soup version 0.31-a0-229-g1fc7ce93e2 (webtiles) character file.

Game seed: 5121473913693468605

49 qw the Shooter (level 3, -3/29 HPs)
             Began as a Minotaur Hexslinger on July 6, 2023.
             Slain by a gnoll
             ... wielding a +0 club
              (5 damage)
             ... on level 2 of the Dungeon.
             The game lasted 00:00:25 (1148 turns).

qw the Shooter (Minotaur Hexslinger)                Turns: 1148, Time: 00:00:26

Health: -3/29      AC:  5    Str: 18    XL:     3   Next: 53%
Magic:  3/3        EV: 11    Int: 10    God:
Gold:   68         SH:  0    Dex: 14    Spells: 3/4 levels left

rFire   . . .        Y - +1 sling (freeze)
rCold   . . .        (no shield)
rNeg    . . .        i - +0 ring mail
rPois   .            (helmet restricted)
rElec   .            (no cloak)
rCorr   .            (no gloves)
SInv    .            (no boots)
Will    +....        (no amulet)
Stlth   +            p - +6 ring of strength
HPRegen 0.24/turn    (no ring)
MPRegen 0.08/turn

%: no passive effects
@: lethally poisoned (-3 -> -16)
A: horns 2, retaliatory headbutt, strong-willed 1, MP-powered wands
a: no special abilities


You were on level 2 of the Dungeon.
You visited 1 branch of the dungeon, and saw 2 of its levels.

You collected 68 gold pieces.


Innate Abilities, Weirdness & Mutations

You have a pair of horns on your head.
You reflexively headbutt those who attack you in melee.
You are strong-willed. (Will+)
You expend magic power (3 MP) to strengthen your wands.


   Skills:
 - Level 2.0 Fighting
 + Level 4.1 Ranged Weapons
 - Level 2.1 Dodging
 - Level 1.0 Spellcasting
 - Level 2.0 Hexes


You had 3 spell levels left.
You knew the following spells:

 Your Spells              Type           Power      Damage    Failure   Level
a - Slow                  Hex            16%        N/A       26%         1

Your spell library contained the following spells:

 Spells                   Type           Power      Damage    Failure   Level
 Inner Flame              Hex/Fire       2%         N/A       77%         3
 Portal Projectile        Hex/Tloc       4%         N/A       77%         3
 Cause Fear               Hex            2%         N/A       95%         4

Inventory:

Hand Weapons
 Y - a +1 sling of freezing (weapon)
Armour
 i - a +0 ring mail (worn)
Jewellery
 p - a +6 ring of strength (left hand)
Scrolls
 a - a scroll of teleportation
 b - a scroll of identify {unknown}
Potions
 d - a potion of mutation
 g - a potion of might {unknown}
 h - a potion of curing {unknown}
 j - 2 potions of brilliance {unknown}
 l - a potion of heal wounds {unknown}

Dungeon Overview and Level Annotations

Branches:
Dungeon (2/15)

Altars:


Message History

a throwing net; 3 stones You struggle against the net.
The gnoll shouts!
You tear a large gash into the net.
A gnoll comes into view. It is wielding a +0 club.
You rip the net and break free!
A goblin comes into view. It is wielding a +0 club.
You shoot a sling bullet.
The sling bullet closely misses the gnoll.
The sling bullet hits the goblin.
The sling bullet freezes the goblin.
You kill the goblin!
You shoot a sling bullet.
The sling bullet completely misses the gnoll.
The gnoll hits you with a +0 club.
You shoot a sling bullet. The sling bullet hits the gnoll.
The sling bullet freezes the gnoll.
The gnoll is heavily wounded.
The gnoll barely misses you.
The gnoll hits you from afar with a +2 spear of venom.
You are poisoned.
You shoot a sling bullet. The sling bullet hits the gnoll.
The sling bullet freezes the gnoll.
You kill the gnoll!
You feel sick. The gnoll misses you. The gnoll hits you with a +0 club.
Your Ranged Weapons skill increases to level 4!
You shoot a sling bullet. The sling bullet hits the gnoll.
The sling bullet freezes the gnoll.
The gnoll is moderately wounded.
You feel sick.
The gnoll hits you from afar with a +2 spear of venom!
You are lethally poisoned!
The gnoll hits you with a +0 club. The gnoll barely misses you.
The gnoll hits you with a +0 club. The gnoll closely misses you.
You shoot a sling bullet.
The sling bullet hits the gnoll but does no damage.
The gnoll is moderately wounded.
You feel very sick.
The gnoll hits you from afar with a +2 spear of venom.
The gnoll hits you with a +0 club.
You die...

.. . .. .. ##. .). #..
....#.. ### ...(.g. ..#
.....#g##.#
.......g@..#
#.....#.#..#
#.....#....#######
#.....#..........#
#.....#.###...##.##
+.....#.#.##..##..#####
#.....#.##.##..#......#
#.....'..##....#.#.##.#
#.....#...#)..##...##.#


You could see 3 gnolls.

Vanquished Creatures
  A gnoll (D:2)
  A worm (D:2)
  3 dart slugs
  5 endoplasms (D:1)
  2 giant cockroaches (D:1)
  5 goblins
  A hobgoblin (D:1)
  A quokka (D:1)
  A ball python (D:1)
  A bat (D:1)
  3 frilled lizards (D:1)
  4 kobolds (D:1)
  2 rats (D:1)
30 creatures vanquished.

Notes
Turn   | Place    | Note
-------+----------+-------------------------------------------
     0 | D:1      | qw the Minotaur Hexslinger began the quest for the Orb.
     0 | D:1      | Reached XP level 1. HP: 16/16 MP: 1/1
     0 | D:1      | 0 ||| qw: Version: 0.3-a-46-gb1f654a
     0 | D:1      | 0 ||| qw: Game counter: 1643
     0 | D:1      | 0 ||| qw: Melee chars always use a shield: true
     0 | D:1      | 0 ||| qw: God list: Okawaru
     0 | D:1      | 0 ||| qw: Allow faded altars: false
     0 | D:1      | 0 ||| qw: Do Orc after clearing Dungeon:15 true
     0 | D:1      | 0 ||| qw: Do second Lair branch before Depths: true
     0 | D:1      | 0 ||| qw: Lair rune preference: random
     0 | D:1      | 0 ||| qw: Goals: Normal
     0 | D:1      | 0 ||| PLANNING D:1-11
   137 | D:1      | Reached skill level 3 in Ranged Weapons
   137 | D:1      | Reached XP level 2. HP: 23/23 MP: 2/2
   189 | D:1      | 189 ||| FLEEEEING.
   190 | D:1      | 190 ||| FLEEEEING.
   191 | D:1      | 191 ||| FLEEEEING.
   810 | D:1      | Reached XP level 3. HP: 24/29 MP: 3/3
   816 | D:1      | 816 ||| FLEEEEING.
   818 | D:1      | 818 ||| FLEEEEING.
   819 | D:1      | 819 ||| FLEEEEING.
   820 | D:1      | 820 ||| FLEEEEING.
   821 | D:1      | 821 ||| FLEEEEING.
   822 | D:1      | 822 ||| FLEEEEING.
   823 | D:1      | 823 ||| FLEEEEING.
   824 | D:1      | 824 ||| FLEEEEING.
   825 | D:1      | 825 ||| FLEEEEING.
   826 | D:1      | 826 ||| FLEEEEING.
   917 | D:1      | 917 ||| UPGRADING to +0 ring mail.
   927 | D:1      | 927 ||| DROPPING +0 robe.
   928 | D:1      | 928 ||| DROPPING +6 ring of intelligence.
   929 | D:1      | 929 ||| UPGRADING to +6 ring of strength.
   930 | D:1      | 930 ||| READING scroll labelled LIOFUDE FUGOA.
   931 | D:1      | 931 ||| READING scroll labelled YDOATOAGESM.
   932 | D:1      | 932 ||| READING scroll labelled NIT JIZURO.
   933 | D:1      | 933 ||| READING scroll labelled HIAROK PAYHUNG.
   934 | D:1      | 934 ||| READING scroll labelled MUTAOC MAFOPP.
   939 | D:1      | 939 ||| DRINKING 2 green potions.
   939 | D:1      | Gained mutation: You are strong-willed. (Will+) [potion of
                  | mutation]
   939 | D:1      | Gained mutation: You expend magic power (3 MP) to
                  | strengthen your wands. [potion of mutation]
   940 | D:1      | 940 ||| DROPPING scroll of poison.
  1147 | D:2      | Reached skill level 4 in Ranged Weapons
  1148 | D:2      | HP: 4/29 [poisoned by a gnoll]
  1148 | D:2      | Slain by a gnoll

Levels and vault maps discovered:
D:1:      psy_arrival_radial01, layout_basic, minmay_quantized
D:2:      layout_basic, basic_altar, minivault_24, minmay_cupped

Skill      XL: |  1  2  3 |
---------------+----------+-----
Ranged Weapons | 3 4 |  4.1
Fighting       | 2 |  2.0
Dodging        | |  2.1
Spellcasting   | |  1.0
Hexes          | |  2.0

Action                     || total
---------------------------++-------
   Fire: Sling             ||    79
    Use: Scroll            ||     5
         Potion            ||     1
 Armour: Robe              ||     1
  Dodge: Dodged            ||    16

Table legend:
 A = Non-vault XP
 B = Vault XP
 C = Vault XP percentage of total XP
 D = Non-vault monster count
 E = Vault monster count
 F = Vault count percentage of total count
                 A         B        C        D         E       F
            +---------+---------+-------+---------+---------+-------
      Total |      58 |      13 |  18.3 |      23 |       7 |  23.3
            +---------+---------+-------+---------+---------+-------
        D:1 |      36 |       8 |  18.2 |      20 |       5 |  20.0
        D:2 |      22 |       5 |  18.5 |       3 |       2 |  40.0
            +---------+---------+-------+---------+---------+-------
